 Dungeon Crawl Stone Soup version 0.29.1-2-gbd0b4ee654 (webtiles) character file.

Game seed: 12904270804081948340

86 DemonSlayer the Firebug (level 4, 0/30 HPs)
             Began as a Demonspawn Fire Elementalist on Nov 2, 2022.
             Slain by an orc priest
             ... wielding a +2 antimagic flail
              (6 damage)
             ... on level 3 of the Dungeon.
             The game lasted 00:02:36 (2340 turns).

DemonSlayer the Firebug (DsFE)                      Turns: 2340, Time: 00:02:37

Health: 0/30       AC:  3    Str:  8    XL:     4   Next: 26%
Magic:  0/8        EV: 12    Int: 19    God:
Gold:   91         SH:  0    Dex: 13    Spells: 6/9 levels left

rFire   . . .      SeeInvis .   d - +2 dagger (speed)
rCold   . . .      Faith    .   (no shield)
rNeg    . . .      Spirit   .   a - +0 robe
rPois   .          Reflect  .   e - +0 helmet
rElec   .          Harm     .   (no cloak)
rCorr   .          Rampage  .   (no gloves)
Will    .....                   (no boots)
Stlth   ++........              (no amulet)
HPRegen 0.10/turn               (no ring)
MPRegen 0.11/turn               (no ring)

@: no status effects
A: hooves 1, demonic guardian 2
a: no special abilities


You were on level 3 of the Dungeon.
You visited 1 branch of the dungeon, and saw 3 of its levels.

You collected 91 gold pieces.

Inventory:

Hand Weapons
 d - a +2 dagger of speed (weapon)
Armour
 a - a +0 robe (worn)
 e - a +0 helmet (worn)
Wands
 m - a wand of flame (14)
Scrolls
 c - a scroll of fog {unknown}
 f - a scroll of vulnerability {unknown}
 g - a scroll of poison {unknown}
 h - a scroll of noise {unknown}
 j - 2 scrolls of identify {unknown}
 k - a scroll of fear {unknown}
Potions
 b - a potion of invisibility {unknown}
 i - a potion of flight {unknown}
 l - 2 potions of heal wounds {unknown}
 n - a potion of degeneration {unknown}
 o - a potion of brilliance {unknown}


   Skills:
 + Level 0.3 Fighting
 + Level 0.1 Short Blades
 + Level 1.9 Dodging
 + Level 2.3 Stealth
 + Level 3.1 Spellcasting
 + Level 1.4 Conjurations
 + Level 3.2 Fire Magic


You had 6 spell levels left.
You knew the following spells:

 Your Spells              Type           Power      Damage    Failure   Level
a - Foxfire               Conj/Fire      44%        2x1d6     6%          1
b - Scorch                Fire           30%        2d7       6%          2

Your spell library contained the following spells:

 Spells                   Type           Power      Damage    Failure   Level
 Beastly Appendage        Tmut           6%         N/A       16%         1
 Conjure Flame            Conj/Fire      11%        6-21      17%         3
 Wereblood                Tmut           3%         N/A       22%         2
 Inner Flame              Hex/Fire       9%         N/A       22%         3
 Call Canine Familiar     Summ           3%         N/A       41%         3
 Portal Projectile        Hex/Tloc       6%         N/A       41%         3
 Spider Form              Tmut/Pois      3%         N/A       41%         3
 Flame Wave               Conj/Fire      11%        2d6       50%         4
 Leda's Liquefaction      Hex/Erth       1%         N/A       83%         4
 Petrify                  Tmut/Erth      3%         N/A       83%         4
 Metabolic Englaciation   Hex/Ice        1%         N/A       99%         5
 Statue Form              Tmut/Erth      2%         N/A       100%        6


Dungeon Overview and Level Annotations

Branches:
Dungeon (3/15)

Altars:
Fedhas
Uskayaw

Portals:
Abyss: D:3

Annotations:
D:3 2 transporters, fireball365's ghost, amateur HOFi


Innate Abilities, Weirdness & Mutations

You have large cloven feet.
A demonic guardian rushes to your aid.


Message History

You kill the orc!
No target in view!
You can't see any susceptible monsters within range! (Use Z to cast anyway.) No target in view!
You can't see any susceptible monsters within range! (Use Z to cast anyway.)
You can't see any susceptible monsters within range! (Use Z to cast anyway.)
Things that are here:
a +0 falchion; a +0 chain mail; an orc corpse An orc priest comes into view.
It is wielding a +2 antimagic flail.
The orc closely misses you.
A worm comes into view.
The orc hits you with a +0 club.
A worm comes into view.
The orc priest looks braver for a moment.
Flames lash the orc.
You kill the orc!
Flames lash the orc priest.
The orc priest is heavily wounded.
The orc priest's fire resistance burns away.
The orc priest invokes the aid of Beogh against you.
Beogh smites you!
You are too injured to fight recklessly!
You are too injured to fight recklessly!
You are too injured to fight recklessly!
You are too injured to fight recklessly!
You are too injured to fight recklessly!
You hit the orc priest but do no damage.
The orc priest is heavily wounded.
The orc priest hits you with a +2 antimagic flail.
* * * LOW HITPOINT WARNING * * *
You feel your power leaking away.
You hit the orc priest. Your kick misses the orc priest.
The orc priest is heavily wounded.
The orc priest barely misses you.
You barely miss the orc priest.
The orc priest is heavily wounded.
You closely miss the orc priest. Your kick misses the orc priest.
The orc priest is heavily wounded.
The orc priest hits you with a +2 antimagic flail.
You die...

### ###
###~~#####
#...~~~~~~
##.@..~~w~~
##.o)..####.
#...#..w..#
#)#........#
#[#####....#
#)# #.#.#
#.# .... #.#
.. #.#


You could see 2 worms and an orc priest (combustible).

Vanquished Creatures
  4 adders
  A dart slug (D:2)
  3 orcs (D:3)
  5 ball pythons
  3 bats
  7 endoplasms
  2 giant cockroaches
  2 goblins
  A hobgoblin (D:2)
  4 kobolds
  3 quokkas
  4 rats
39 creatures vanquished.

Vanquished Creatures (others)
  124 foxfires
124 creatures vanquished.

Grand Total: 163 creatures vanquished

Notes
Turn   | Place    | Note
-------+----------+-------------------------------------------
     0 | D:1      | DemonSlayer the Demonspawn Fire Elementalist began the
                  | quest for the Orb.
     0 | D:1      | Reached XP level 1. HP: 13/13 MP: 3/3
    26 | D:1      | Found a faded altar of an unknown god.
   428 | D:1      | Gained mutation: You have large cloven feet. [demonic
                  | ancestry]
   428 | D:1      | Reached XP level 2. HP: 19/19 MP: 5/5
   431 | D:1      | Learned a level 2 spell: Scorch
   917 | D:2      | Gained mutation: A weak demonic guardian rushes to your
                  | aid. [demonic ancestry]
   917 | D:2      | Reached XP level 3. HP: 18/24 MP: 6/6
  1390 | D:2      | You fall into a shaft and drop 1 floor!
  1734 | D:3      | Found a transporter.
  1739 | D:3      | Found a transporter.
  1749 | D:3      | Found a one-way gate to the infinite horrors of the Abyss.
  1749 | D:3      | Noticed fireball365's ghost (amateur HOFi)
  1777 | D:3      | Gained mutation: A demonic guardian rushes to your aid.
                  | [demonic ancestry]
  1777 | D:3      | Reached XP level 4. HP: 30/30 MP: 4/8
  2128 | D:3      | Found a blossoming altar of Fedhas.
  2128 | D:3      | Found a hide-covered altar of Uskayaw.
  2340 | D:3      | Slain by an orc priest

Illustrated notes

Levels and vault maps discovered:
D:1:      psy_arrival_spokes, layout_rooms, basic_ecumenical_altar
D:2:      layout_basic, chequers_garden
D:3:      layout_rooms, gammafunk_temple_overflow_wave,
          gammafunk_ghost_abyssal_escape, cheibrodos_sewer_entry_bend

Skill      XL: |  1  2  3 |
---------------+----------+-----
Fire Magic     | 3 |  3.2
Stealth        | 2 |  2.3
Spellcasting   | 3 |  3.1
Fighting       | |  0.3
Short Blades   | |  0.1
Dodging        | |  1.9
Conjurations   | |  1.4

Action                   |  1- 3 |  4- 6 || total
-------------------------+-------+-------++-------
Melee: Dagger            |    24 |    18 ||    42
       Unarmed           |     3 |       ||     3
       Kick              |     1 |     5 ||     6
 Cast: Foxfire           |    63 |    20 ||    83
       Scorch            |       |     5 ||     5
  Use: Potion            |     1 |       ||     1
 Stab: Sleeping          |     2 |       ||     2
Armor: Robe              |    12 |     2 ||    14
Dodge: Dodged            |    21 |    10 ||    31
